 Dungeon Crawl Stone Soup version 0.25-a0-398-g1920f1ac21 (console) character file.

Game seed: 6910384215093999764, levelgen mode: deterministic

93 Kagalorn the Sneak (level 4, -3/38 HPs)
             Began as a Naga Arcane Marksman on Jan 8, 2020.
             Slain by an orc
             ... wielding a +0 trident
              (4 damage)
             ... while paralysed by Grinder
             ... on level 3 of the Dungeon.
             The game lasted 00:04:31 (1867 turns).

Kagalorn the Sneak (Naga Arcane Marksman)           Turns: 1867, Time: 00:04:31

Health: -3/38      AC:  3    Str: 13    XL:     4   Next: 61%
Magic:  5/5        EV:  1    Int: 14    God:
Gold:   77         SH:  0    Dex: 11    Spells: 4/5 levels left

rFire    . . .     SeeInvis +   b - +0 short sword
rCold    . . .     Gourm    .   (no shield)
rNeg     . . .     Faith    .   e - +0 robe
rPois    +         Spirit   .   (no helmet)
rElec    .         Reflect  .   (no cloak)
rCorr    .         Harm     .   c - +0 pair of gloves
MR       .....                  (no barding)
Stlth    +++.......             (no amulet)
HPRegen  0.12/turn              (no ring)
MPRegen  0.09/turn              (no ring)

@: paralysed, very slow
A: large, see invisible, deformed body, poison resistance, slowness 2, slow
metabolism 1, spit poison 1, AC +1
a: Spit Poison


You were on level 3 of the Dungeon.
You were not hungry.

You visited 1 branch of the dungeon, and saw 3 of its levels.

You collected 77 gold pieces.

Inventory:

Hand Weapons
 a - a +0 shortbow
 b - a +0 short sword (weapon)
 i - a +0 hand axe
Missiles
 d - 16 arrows
 h - a throwing net
 q - 7 poisoned darts (quivered)
Armour
 c - a +0 pair of gloves (worn)
 e - a +0 robe (worn)
Jewellery
 n - a +2 ring of intelligence {unknown}
Scrolls
 m - a scroll of identify {unknown}
 o - a scroll of remove curse {unknown}
 r - a scroll of teleportation {unknown}
 s - a scroll of amnesia {unknown}
Potions
 g - 2 potions of resistance {unknown}
 j - a potion of magic {unknown}
 k - a potion of agility {unknown}
 l - 2 potions of brilliance {unknown}
Comestibles
 f - 6 rations
 p - a chunk of flesh


   Skills:
 - Level 1.0 Fighting
 - Level 1.7 Bows
 - Level 1.5 Dodging
 * Level 6.5 Stealth
 - Level 1.0 Spellcasting
 - Level 3.0 Hexes


You had 4 spell levels left.
You knew the following spells:

 Your Spells              Type           Power        Failure   Level  Hunger
a - Corona                Hex            #......      8%          1    ##.....

Your spell library contained the following spells:

 Spells                   Type           Power        Failure   Level  Hunger
 Slow                     Hex            #.......     12%         2    ###....
 Inner Flame              Hex/Fire       #.......     38%         3    ####...
 Portal Projectile        Hex/Tloc       #.....       38%         3    ####...
 Cause Fear               Hex            #.........   58%         4    #####..
 Leda's Liquefaction      Hex/Erth       #.........   80%         4    #####..


Dungeon Overview and Level Annotations

Branches:
Dungeon (3/15)

Altars:
Fedhas
Hepliaklqana
Qazlal
Trog
Zin
The Shining One

Annotations:
D:2 exclusion: oklob plant
D:3 Grinder


Innate Abilities, Weirdness & Mutations

You cannot wear boots.
Your serpentine skin is tough. (AC +1)
You have supernaturally acute eyesight. (SInv)
Armour fits poorly on your strangely shaped body.
Your system is resistant to poisons. (rPois)
You cover ground very slowly.
You have a slow metabolism.
You can spit poison.


Message History

s - a scroll labeled BOUWAE HECUCS
Found 8 stones.
Found a stone staircase leading down.
You open the door. 3 orcs and Grinder come into view.
Grinder shouts!
The orc shouts!
The orc picks up a scroll labeled OTEQIA KEIQI.
Grinder gestures at you.
You suddenly lose the ability to move!
Found 2 emerald potions.
Found a stone staircase leading up.
Grinder gestures at you. Pain shoots through your body!
The orc hits you from afar with a +0 trident.
The orc shouts! x2
A rat comes into view.
The orc hits you from afar with a +0 trident!
Grinder hits you!
* * * LOW HITPOINT WARNING * * *
The orc hits you from afar with a +0 trident.
You die...

## +# #.#.. ...
#>#.## ...<
#.#..## r....
#.#...####......
.
#.......@5ooo...
.
##......##......
#...#### .....
#..####### ..!.
#.......(. ... #
#.######## #+#
#. #.# #.# #.
#.# #.# ## #.#
##<##


You could see Grinder, 3 orcs and a rat.

Vanquished Creatures
  5 adders
  A worm (D:2)
  5 dart slugs
  2 giant cockroaches
  3 goblins
  6 hobgoblins
  5 bats
  2 frilled lizards (D:2)
  5 kobolds
  5 rats
39 creatures vanquished.

Vanquished Creatures (others)
  14 toadstools (D:2)
14 creatures vanquished.

Grand Total: 53 creatures vanquished

Notes
Turn   | Place    | Note
-------+----------+-------------------------------------------
     0 | D:1      | Kagalorn the Naga Arcane Marksman began the quest for the
                  | Orb.
     0 | D:1      | Reached XP level 1. HP: 18/18 MP: 2/2
    56 | D:1      | Reached skill level 1 in Stealth
    92 | D:1      | Reached skill level 2 in Stealth
   142 | D:1      | Reached XP level 2. HP: 7/25 MP: 3/3
   166 | D:1      | Reached skill level 3 in Stealth
   551 | D:1      | Reached skill level 4 in Stealth
   633 | D:1      | You fall into a shaft and drop 1 floor!
   634 | D:2      | Found a glowing silver altar of Zin.
   640 | D:2      | Reached XP level 3. HP: 31/31 MP: 4/4
   747 | D:2      | Found a blossoming altar of Fedhas.
   774 | D:2      | Noticed an oklob plant
   987 | D:2      | Reached skill level 5 in Stealth
  1013 | D:2      | Reached XP level 4. HP: 22/38 MP: 5/5
  1118 | D:2      | Found a stormy altar of Qazlal.
  1246 | D:2      | Found a hazy altar of Hepliaklqana.
  1257 | D:2      | Reached skill level 6 in Stealth
  1716 | D:3      | Found a bloodstained altar of Trog.
  1762 | D:3      | Found a glowing golden altar of the Shining One.
  1862 | D:3      | Noticed Grinder
  1862 | D:3      | Paralysed by Grinder for 6 turns
  1867 | D:3      | HP: 1/38 [Grinder (11)]
  1867 | D:3      | Slain by an orc

Levels and vault maps discovered:
D:1:      tarquinn_simple_flora_water_f, layout_loops_ring
D:2:      layout_loops_ring, marbit_many_paths, lemuel_round_altar, tgw_fedhas,
          nicolae_overflow_crystal_walls, minmay_pentomino_v4
D:3:      layout_loops_corners, nicolae_tso_carved_into_rock, bloody_trog,
          chequers_ecumenical_altar_simple_redux, uniq_grinder

Skill      XL: |  1  2  3  4 |
---------------+-------------+-----
Stealth        | 2 4 5 6 |  6.5
Fighting       | |  1.0
Bows           | |  1.7
Dodging        | |  1.5
Spellcasting   | |  1.0
Hexes          | |  3.0

Action                   |  1- 3 |  4- 6 || total
-------------------------+-------+-------++-------
Melee: Unarmed           |    18 |       ||    18
       Short sword       |    20 |    23 ||    43
 Fire: Shortbow          |    15 |       ||    15
Throw: Throwing net      |     2 |       ||     2
 Abil: Spit Poison       |    25 |    16 ||    41
 Stab: Sleeping          |     1 |     2 ||     3
  Eat: Chunk             |     1 |     4 ||     5
Armor: Robe              |    15 |     6 ||    21
Dodge: Dodged            |    30 |    15 ||    45

Table legend:
 A = Non-vault XP
 B = Vault XP
 C = Vault XP percentage of total XP
 D = Non-vault monster count
 E = Vault monster count
 F = Vault count percentage of total count
                 A         B        C        D         E       F
            +---------+---------+-------+---------+---------+-------
      Total |     127 |       6 |   4.5 |      37 |       2 |   5.1
            +---------+---------+-------+---------+---------+-------
        D:1 |      33 |       0 |   0.0 |      17 |       0 |   0.0
        D:2 |      67 |       6 |   8.2 |      11 |       2 |  15.4
        D:3 |      27 |       0 |   0.0 |       9 |       0 |   0.0
            +---------+---------+-------+---------+---------+-------
